Map: Turbo Cruise '84 LE

Players

mattluke - Winner!

  • Race: Zerg Zerg
  • League: Platinum
  • Spawn Location: 7:00

Mesrob

  • Race: Terran Terran
  • League: Platinum
  • Spawn Location: 3:00

VOD

Have the link to the VOD?

Description

Time

  • Played on: July 13, 2019, 7:21 p.m.
  • Length: 24:14
Show
View Real Time Build Order
Export as new Build Order

mattluke Zerg - Winner!

Build Orders: Pool First 

Get SALT Encoding   

  12  0:03  Drone  
  13  0:12  Overlord  
  13  0:19  Drone  
  14  0:34  Spawning Pool  
  13  0:38  Drone  
  14  0:43  Drone  
  14  0:46  Drone  
  16  0:50  Drone  
  16  0:55  Extractor  
  16  1:04  Drone  
  17  1:13  Drone  
  18  1:23  Hatchery  
  17  1:28  Drone  
  18  1:37  Drone  
  19  1:53  Drone  
  21  1:54  Drone  
  21  2:01  Extractor  
  20  2:03  Queen  
  20  2:06  Overlord  
  22  2:25  Drone  
  22  2:27  Drone  
  24  2:36  Queen  
  26  2:37  Drone x2  
  28  2:53  Drone x2  
  30  2:59  Metabolic Boost  
  30  3:04  Drone x2, Roach Warren  
  31  3:15  Drone x3  
  31  3:18  Extractor  
  33  3:25  Spine Crawler  
  32  3:29  Drone x4  
  36  3:35  Overlord  
  36  3:45  Overlord  
  36  3:54  Roach  
  36  3:55  Roach x3  
  44  3:57  Overlord  
  44  4:06  Drone x2  
  44  4:07  Drone x2  
  48  4:10  Extractor  
  48  4:12  Queen  
  49  4:18  Roach x2  
  49  4:22  Lair  
  53  4:25  Drone  
  53  4:28  Overlord  
  54  4:44  Hatchery  
  53  4:52  Pneumatized Carapace  
  53  4:59  Drone  
  56  5:00  Drone x5  
  56  5:01  Overlord  
  59  5:09  Drone  
  60  5:15  Drone  
  60  5:17  Drone  
  62  5:29  Drone  
  62  5:30  Drone x3  
  62  5:34  Drone x2  
  68  5:50  Glial Reconstitution  
  68  5:56  Evolution Chamber  
  67  5:59  Drone  
  67  6:00  Drone x8  
  76  6:16  Extractor  
  75  6:24  Zerg Missile Weapons Level 1  
  75  6:39  Roach x3  
  81  6:41  Overlord x2  
  81  6:42  Overlord  
  81  6:48  Overlord  
  81  6:59  Queen x2  
  81  7:00  Roach x5  
  95  7:08  Roach  
  88  7:19  Spine Crawler  
  88  7:20  Spine Crawler x3  
  88  7:22  Roach x3  
  90  7:23  Roach x2  
  90  7:29  Roach  
  94  7:30  Roach  
  94  7:34  Roach  
  94  7:35  Queen x2, Roach x7  
  114  7:49  Overlord x2  
  114  7:50  Overlord  
  114  8:19  Drone  
  115  8:20  Drone x12  
  127  8:38  Tunneling Claws  
  127  8:46  Infestation Pit  
  126  9:13  Evolution Chamber  
  126  9:14  Zerg Melee Weapons Level 1  
  126  9:15  Drone x3  
  126  9:16  Drone x3  
  131  9:18  Overlord  
  131  9:19  Extractor, Overlord x2  
  130  9:24  Overlord  
  130  9:43  Hatchery, Zerg Missile Weapons Level 2  
  129  9:47  Hatchery  
  128  10:00  Hydralisk Den  
  128  10:06  Spire  
  126  10:12  Drone x2  
  126  10:13  Drone x12  
  140  10:19  Overlord  
  140  10:26  Spore Crawler  
  139  10:30  Grooved Spines  
  139  10:39  Overlord x3  
  139  10:40  Hydralisk  
  139  10:41  Hydralisk x2  
  145  10:43  Spore Crawler  
  144  10:52  Hive  
  144  11:08  Zerg Ground Armor Level 1  
  144  11:09  Hydralisk x2  
  144  11:10  Hydralisk x6  
  144  11:11  Hydralisk x2  
  160  11:13  Zergling x12  
  160  11:17  Ravager x4  
  174  11:19  Ravager x2  
  176  11:30  Extractor x2, Overlord x3  
  148  12:03  Hydralisk x5  
  148  12:04  Roach x2  
  148  12:05  Hydralisk x4, Roach x5  
  148  12:06  Hydralisk x5  
  190  12:38  Mutalisk x2  
  190  12:39  Mutalisk x3  
  190  12:41  Hatchery  
  199  12:44  Extractor  
  198  13:01  Zerg Missile Weapons Level 3  
  198  13:03  Zerg Melee Weapons Level 2  
  198  13:24  Hatchery  
  198  13:27  Drone x3  
  198  13:29  Overlord x2  
  198  13:30  Overlord x2  
  192  13:55  Roach  
  194  13:56  Roach x3  
  194  13:59  Burrow  
  200  14:04  Greater Spire, Evolution Chamber  
  197  14:11  Zergling x6  
  195  14:38  Zergling x4  
  195  14:39  Zergling x4  
  144  15:03  Hydralisk x13  
  144  15:04  Mutalisk  
  144  15:05  Roach x3  
  144  15:06  Roach  
  111  15:23  Spine Crawler x2  
  111  15:24  Spine Crawler  
  106  15:31  Hydralisk x3  
  106  15:32  Hydralisk x4, Roach x2  
  106  15:33  Roach x2  
  113  15:52  Mutalisk  
  113  15:53  Mutalisk x3  
  113  15:54  Mutalisk x6  
  113  15:55  Mutalisk  
  135  15:59  Zerg Flyer Weapons Level 1  
  135  16:00  Muscular Augments  
  135  16:01  Zerg Melee Weapons Level 3  
  135  16:08  Queen  
  137  16:15  Queen  
  139  16:45  Hydralisk x7  
  139  16:46  Hydralisk x17  
  165  17:05  Hydralisk  
  165  17:06  Hydralisk x6  
  107  17:31  Zergling x10  
  107  17:32  Zergling x26  
  125  17:40  Extractor  
  125  17:44  Zerg Ground Armor Level 2  
  124  17:47  Queen  
  126  17:54  Drone x5  
  126  17:55  Drone  
  126  17:56  Overlord x2  
  112  18:20  Roach x3  
  112  18:21  Roach x6  
  112  18:22  Roach x3  
  112  18:26  Hydralisk x2  
  112  18:27  Roach x3  
  144  18:30  Zergling x16  
  154  18:38  Queen x2  
  154  18:39  Queen x4, Spine Crawler  
  154  18:40  Spine Crawler x2  
  135  19:04  Hydralisk x4  
  135  19:05  Hydralisk x2, Roach x5  
  135  19:06  Roach x2  
  150  19:14  Queen  
  150  19:21  Zergling x10  
  150  19:22  Zergling x4  
  157  19:24  Drone x3  
  157  19:25  Drone x2  
  162  19:54  Spore Crawler  
  162  19:55  Spore Crawler  
  160  20:00  Hydralisk x7  
  160  20:01  Hydralisk  
  176  20:13  Drone  
  182  20:14  Drone x9  
  185  20:26  Queen  
  185  20:27  Overlord  
  185  20:51  Hydralisk x6  
  185  20:53  Zergling x4  
  197  21:04  Spore Crawler  
  196  21:05  Spore Crawler  
  190  21:23  Hydralisk  
  190  21:24  Hydralisk x4  
  174  21:43  Mutalisk  
  164  21:56  Zergling x20  
  164  21:57  Zergling x24  
  186  22:20  Zergling x2  
  186  22:21  Zergling x26  
  161  22:58  Hydralisk x7  
  151  22:59  Hydralisk x3, Roach  
  151  23:00  Roach  
  151  23:01  Zergling x16  
  151  23:02  Zergling x2  
  158  23:21  Zergling x16  
  166  23:45  Zergling x2  
  166  23:46  Zergling x22  
Show
View Real Time Build Order
Export as new Build Order

Mesrob Terran 

Build Orders: 2 Factory, Reaper Expand 

Get SALT Encoding   

  12  0:00  SCV  
  13  0:12  SCV  
  14  0:20  Supply Depot  
  14  0:25  SCV  
  15  0:42  SCV  
  16  0:43  Barracks  
  16  0:54  SCV  
  17  1:02  Refinery  
  17  1:06  Refinery, SCV  
  18  1:18  SCV  
  19  1:30  Orbital Command  
  18  1:47  Command Center  
  18  1:51  Reaper  
  19  1:55  SCV  
  20  2:14  Factory  
  20  2:20  SCV  
  21  2:24  Barracks Reactor  
  21  2:32  SCV  
  23  2:44  SCV  
  23  2:46  Supply Depot  
  23  2:58  Orbital Command, SCV  
  23  3:03  Supply Depot  
  24  3:09  Engineering Bay  
  24  3:11  Hellion x2  
  28  3:17  Factory  
  28  3:23  SCV  
  28  3:25  SCV  
  30  3:36  SCV  
  30  3:37  Armory  
  31  3:42  Hellion  
  31  3:46  Hellion  
  31  3:48  SCV  
  36  3:49  SCV  
  37  4:01  SCV  
  37  4:02  Factory, SCV  
  39  4:04  Factory Tech Lab  
  39  4:10  Hellion  
  39  4:11  Hellion  
  43  4:18  SCV  
  43  4:21  Refinery, SCV  
  45  4:30  Supply Depot, SCV  
  46  4:34  Terran Vehicle Weapons Level 1, Armory  
  46  4:39  Mag-Field Accelerator  
  46  4:47  SCV  
  46  4:50  SCV  
  46  4:52  Supply Depot  
  48  4:55  Factory Tech Lab  
  48  4:58  Cyclone  
  48  4:59  SCV  
  52  5:03  Hellion  
  52  5:06  Hellion  
  56  5:16  Refinery  
  56  5:23  Supply Depot  
  56  5:27  Missile Turret  
  56  5:29  Missile Turret  
  56  5:31  SCV  
  56  5:32  SCV  
  56  5:34  Cyclone  
  61  5:39  Cyclone  
  64  5:43  SCV  
  64  5:45  Hellion  
  64  5:46  Hellion, Supply Depot  
  64  5:49  SCV  
  70  5:55  SCV  
  71  6:01  SCV  
  72  6:13  SCV  
  72  6:14  SCV  
  74  6:20  Cyclone x2  
  74  6:22  Hellion x2  
  84  6:25  SCV  
  84  6:30  SCV  
  86  6:42  Command Center  
  86  6:58  Supply Depot  
  86  7:01  Supply Depot  
  86  7:20  SCV x2, Cyclone x2  
  86  7:21  Supply Depot  
  94  7:23  Supply Depot  
  92  7:31  Hellion  
  92  7:32  Hellion, SCV x2  
  98  7:39  Terran Vehicle And Ship Armor Level 1, Terran Vehicle Weapons Level 2  
  98  7:41  Infernal Pre-Igniter  
  98  7:44  SCV x2  
  98  7:47  Supply Depot  
  100  7:52  Cyclone x2  
  100  7:53  Factory x3  
  100  7:55  Refinery  
  106  8:04  Hellion x2  
  110  8:17  Refinery  
  110  8:19  Planetary Fortress  
  110  8:21  SCV  
  110  8:24  Cyclone  
  110  8:27  SCV  
  115  8:31  Cyclone  
  115  8:33  Hellion x2, SCV  
  123  8:37  Factory Tech Lab  
  123  8:38  Factory, Factory Reactor  
  123  8:39  Factory Tech Lab, SCV  
  124  8:45  SCV  
  125  8:51  SCV  
  125  8:54  Hellion  
  128  8:56  Supply Depot  
  128  8:58  SCV  
  128  9:01  Missile Turret  
  128  9:02  Supply Depot  
  129  9:08  Cyclone x3  
  138  9:10  Cyclone  
  141  9:18  Hellion  
  141  9:19  Supply Depot  
  141  9:21  Missile Turret  
  141  9:22  Factory  
  143  9:25  Supply Depot  
  143  9:28  SCV x3  
  146  9:36  Sensor Tower  
  146  9:40  SCV x3  
  146  9:44  Command Center  
  149  9:50  Supply Depot  
  149  9:52  SCV x2  
  151  10:01  Factory Tech Lab  
  151  10:02  Cyclone  
  151  10:03  Cyclone x2  
  151  10:06  Hellion  
  162  10:09  Factory Reactor  
  162  10:13  Supply Depot  
  162  10:22  Starport  
  162  10:31  Missile Turret  
  162  10:40  Supply Depot  
  162  10:55  SCV  
  162  10:56  SCV x2  
  165  10:58  Starport  
  165  11:03  Planetary Fortress, Refinery  
  165  11:04  Supply Depot  
  165  11:10  Cyclone x4  
  165  11:11  Cyclone  
  180  11:12  Hellion, Hellbat  
  180  11:13  Hellbat x4, Command Center  
  192  11:27  Refinery  
  188  11:42  Cyclone  
  191  11:53  Hellion  
  186  12:00  Cyclone x4  
  178  12:14  Cyclone  
  179  12:23  Starport Reactor x2  
  179  12:28  Planetary Fortress  
  179  12:32  Cyclone x2  
  185  12:46  Command Center  
  186  12:51  SCV x3  
  186  12:54  Command Center  
  188  13:17  SCV x2  
  190  13:21  Refinery  
  189  13:29  Missile Turret  
  189  13:33  SCV  
  189  13:34  SCV x2  
  191  13:39  Missile Turret  
  191  13:44  Missile Turret  
  191  13:45  Refinery  
  191  13:50  Missile Turret  
  191  13:52  Missile Turret  
  191  14:00  Missile Turret  
  191  14:12  Planetary Fortress  
  191  14:14  Planetary Fortress  
  191  14:27  Liberator x4  
  166  15:00  Cyclone x3  
  166  15:01  Cyclone x2  
  166  15:02  Hellion  
  166  15:04  Hellbat x3  
  166  15:05  Hellion x2  
  126  15:24  Hellion  
  126  15:25  Hellion x2  
  132  15:37  Liberator x2, Cyclone  
  132  15:38  Liberator x2, Cyclone x4  
  132  15:41  Hellbat x3  
  153  15:45  Hellbat  
  153  15:47  Hellbat x2  
  158  16:02  Hellion x2  
  158  16:03  Hellion  
  164  16:07  Hellion  
  164  16:08  Hellion x2  
  164  16:09  Cyclone  
  164  16:10  Cyclone x4  
  185  16:15  Refinery  
  185  16:20  Liberator  
  185  16:24  Hellbat, Hellion x2  
  191  16:28  Hellion  
  191  16:29  Hellion, SCV  
  196  16:39  Refinery  
  199  16:42  Refinery  
  199  16:49  Missile Turret  
  161  17:02  Cyclone x5  
  161  17:06  Refinery  
  143  17:09  Missile Turret  
  122  17:18  Hellbat, Liberator x4  
  122  17:19  Hellion x4  
  103  17:32  Missile Turret  
  103  17:34  Cyclone x5  
  132  17:44  Hellion x3  
  132  17:45  Hellion x3  
  142  17:54  Missile Turret  
  142  18:00  Liberator  
  142  18:01  Liberator x3  
  144  18:05  Hellion  
  144  18:06  Hellion x5, Cyclone x2, Thor  
  144  18:07  Hellion, Thor  
  174  18:14  Missile Turret  
  186  18:27  Hellion x5  
  186  18:28  Hellion x2  
  196  18:38  Hellion x2  
  200  18:43  Liberator x2  
  200  18:44  Liberator x2  
  200  18:48  Hellion  
  200  18:49  Cyclone x2  
  177  18:59  Cyclone  
  177  19:00  Cyclone  
  163  19:07  Hellion x3  
  163  19:08  Hellion  
  140  19:21  Cyclone  
  141  19:26  Liberator x4  
  141  19:43  Fusion Core  
  153  20:16  Cyclone x5  
  153  20:20  Hellbat x3  
  153  20:21  Hellbat x2  
  178  20:48  Cyclone x5  
  188  21:20  Thor, Cyclone x2  
  188  21:22  Thor  
  93  21:52  Thor x2  
  93  21:53  Starport, Liberator x3  
  93  21:54  Liberator  
  100  21:55  Starport x2  
  94  22:03  Thor  
  94  22:04  Thor  
  102  22:14  Hellbat x5  
  102  22:15  Hellbat x2  
  128  22:35  Hellbat x4, Liberator  
  98  23:00  Starport Tech Lab x2  
  98  23:01  Starport Tech Lab  
  54  23:19  Hellbat x4  
  64  23:20  Hellbat x5  
  64  23:21  Hellbat  
  88  23:27  Hellbat  
Tags
 
Add a new tag
Caveats
  • Supply blocks, unpowered buildings, or Contaminate may cause inaccurate times.
  • Supply counts are checked every 10 seconds.